| TOP OF THE 1ST |
|
University of Toronto Marlies batting - Pitching for Stanford University Cardinal : LHP Chris Hoebing
|
|
Pitching: LHP Chris Hoebing
|
|
|
Batting: LHB Efrem Isaev
|
0-0: Ball 1-0: Called Strike 1-1: Ball 2-1: Foul Ball, location: 2F 2-2: Fly out, F9 (Line Drive, 9, EV 90.6 MPH)
|
|
Batting: RHB Logan Johnson
|
0-0: Swinging Strike 0-1: Ball 1-1: Foul Ball, location: 2F 1-2: Foul Ball, location: 2F 1-2: Ball 2-2: Strikes out looking
|
|
Batting: SHB Jack Tierney
|
0-0: Called Strike 0-1: Called Strike 0-2: Foul Ball, location: 2F 0-2: Foul Ball, location: 2F 0-2: Strikes out swinging
|
| Top of the 1st over - 0 runs, 0 hits, 0 errors, 0 left on base; University of Toronto 0 - Stanford University 0 |
| BOTTOM OF THE 1ST |
|
Stanford University Cardinal batting - Pitching for University of Toronto Marlies : RHP Matt Lane
|
|
Pitching: RHP Matt Lane
|
|
|
Batting: RHB Joe Gabriel
|
0-0: Foul Ball, location: 2F 0-1: Bunt for hit to 15S - play at first, batter OUT! 1-3
|
|
Batting: LHB Bryan Davidson
|
0-0: Ball 1-0: Called Strike 1-1: Called Strike 1-2: Strikes out swinging
|
|
Batting: LHB Donny Kleinjan
|
0-0: Foul Ball, location: 2F 0-1: Foul Ball, location: 2F 0-2: Foul Ball, location: 2F 0-2: SINGLE (Groundball, 3D, EV 111.2 MPH)
|
|
Batting: RHB Joe Petley
|
0-0: Ball Wild Pitch! Donny Kleinjan to second 1-0: Fly out, F9 (Flyball, 9LS, EV 81.2 MPH)
|
| Bottom of the 1st over - 0 runs, 1 hit, 0 errors, 1 left on base; University of Toronto 0 - Stanford University 0 |
| TOP OF THE 2ND |
|
University of Toronto Marlies batting - Pitching for Stanford University Cardinal : LHP Chris Hoebing
|
|
Batting: RHB Akichika Yamano
|
0-0: Foul Ball, location: 2F 0-1: Ground out 5-3 (Groundball, 56, EV 90.6 MPH)
|
|
Batting: SHB Shannon Britten
|
0-0: Called Strike 0-1: Ball 1-1: Called Strike 1-2: Ball 2-2: Ball 3-2: SINGLE (Line Drive, 6M, EV 104.4 MPH)
|
|
Batting: RHB Elmar Adenauer
|
0-0: Ball 1-0: Ball 2-0: Ball 3-0: Base on Balls Shannon Britten to second
|
|
Batting: RHB Jeff McClellan
|
0-0: Called Strike 0-1: Ball 1-1: Ball 2-1: Fly out, F4 (Line Drive, 4, EV 67.5 MPH)
|
|
Batting: SHB Jose Melendez
|
0-0: Ball 1-0: Called Strike 1-1: Ball 2-1: Foul Ball, location: 2F 2-2: Ball 3-2: Strikes out swinging
|
| Top of the 2nd over - 0 runs, 1 hit, 0 errors, 2 left on base; University of Toronto 0 - Stanford University 0 |
| BOTTOM OF THE 2ND |
|
Stanford University Cardinal batting - Pitching for University of Toronto Marlies : RHP Matt Lane
|
|
Batting: RHB Gary Preston
|
0-0: Ball 1-0: Ball 2-0: Ball 3-0: Called Strike 3-1: Ground out 6-3 (Groundball, 6, EV 90.6 MPH)
|
|
Batting: RHB Josh Benefield
|
0-0: Fly out, F7 (Flyball, 78D, EV 85.6 MPH)
|
|
Batting: LHB Caleb Hartwell
|
0-0: Foul Ball, location: 2F 0-1: Foul Ball, location: 2F 0-2: Ball 1-2: Ball 2-2: Fly out, F3 (Line Drive, 3L, EV 73.8 MPH)
|
| Bottom of the 2nd over - 0 runs, 0 hits, 0 errors, 0 left on base; University of Toronto 0 - Stanford University 0 |
| TOP OF THE 3RD |
|
University of Toronto Marlies batting - Pitching for Stanford University Cardinal : LHP Chris Hoebing
|
|
Batting: RHB Charlie Townend
|
0-0: Called Strike 0-1: Foul Ball, location: 2F 0-2: Ball 1-2: Ground out 6-3 (Groundball, 6MS, EV 76.2 MPH)
|
|
Batting: LHB Efrem Isaev
|
0-0: SINGLE (Groundball, 34D, EV 101.9 MPH)
|
|
Batting: RHB Logan Johnson
|
0-0: Ball 1-0: Ball 2-0: Ball Efrem Isaev steals 2nd, throwing error, E2 Efrem Isaev to third 3-0: Base on Balls
|
|
Batting: SHB Jack Tierney
|
0-0: 3-RUN HOME RUN (Flyball, 9LD, EV 91.9 MPH), Distance : 329 ft
|
|
Batting: RHB Akichika Yamano
|
0-0: Called Strike 0-1: Foul Ball, location: 2F 0-2: Ball 1-2: DOUBLE (Line Drive, 78M, EV 97.5 MPH)
|
|
Batting: SHB Shannon Britten
|
0-0: Foul Ball, location: 2F 0-1: Ball 1-1: Swinging Strike 1-2: Ball 2-2: Fly out, F6 (Popup, 4MD, EV 49.4 MPH)
|
|
Batting: RHB Elmar Adenauer
|
0-0: Called Strike 0-1: Ball 1-1: Ball 2-1: Foul Ball, location: 2F 2-2: Ball 3-2: Ground out 5-3 (Groundball, 56, EV 78.1 MPH)
|
| Top of the 3rd over - 3 runs, 3 hits, 1 error, 1 left on base; University of Toronto 3 - Stanford University 0 |
| BOTTOM OF THE 3RD |
|
Stanford University Cardinal batting - Pitching for University of Toronto Marlies : RHP Matt Lane
|
|
Batting: RHB Dzevat Koljevic
|
0-0: Ball 1-0: Ball 2-0: Called Strike 2-1: Fly out, F8 (Flyball, 78D, EV 101.9 MPH)
|
|
Batting: RHB Ted Hickey
|
0-0: Ball 1-0: Ball 2-0: Ball 3-0: Called Strike 3-1: Base on Balls
|
|
Batting: RHB Joe Gabriel
|
0-0: Foul Ball, location: 2F 0-1: Swinging Strike 0-2: Ball 1-2: Strikes out swinging
|
|
Batting: LHB Bryan Davidson
|
0-0: Ball 1-0: Foul Ball, location: 2F 1-1: Ball 2-1: Fly out, F8 (Flyball, 8LM, EV 80.0 MPH)
|
| Bottom of the 3rd over - 0 runs, 0 hits, 0 errors, 1 left on base; University of Toronto 3 - Stanford University 0 |
| TOP OF THE 4TH |
|
University of Toronto Marlies batting - Pitching for Stanford University Cardinal : LHP Chris Hoebing
|
|
Batting: RHB Jeff McClellan
|
0-0: Foul Ball, location: 2F 0-1: Foul Ball, location: 2F 0-2: Ball 1-2: Ball 2-2: Strikes out swinging
|
|
Batting: SHB Jose Melendez
|
0-0: Ball 1-0: Called Strike 1-1: Ground out 6-3 (Groundball, 56, EV 106.9 MPH)
|
|
Batting: RHB Charlie Townend
|
0-0: Ground out 3-1 (Groundball, 34, EV 80.6 MPH)
|
| Top of the 4th over - 0 runs, 0 hits, 0 errors, 0 left on base; University of Toronto 3 - Stanford University 0 |
| BOTTOM OF THE 4TH |
|
Stanford University Cardinal batting - Pitching for University of Toronto Marlies : RHP Matt Lane
|
|
Batting: LHB Donny Kleinjan
|
0-0: Ball 1-0: Ball 2-0: Foul Ball, location: 2F 2-1: Foul Ball, location: 2F 2-2: Ball 3-2: Foul Ball, location: 2F 3-2: Foul Ball, location: 2F 3-2: Fly out, F8 (Flyball, 89S, EV 87.5 MPH)
|
|
Batting: RHB Joe Petley
|
0-0: Called Strike 0-1: Called Strike 0-2: Foul Ball, location: 2F 0-2: Ball 1-2: SOLO HOME RUN (Flyball, 78XD, EV 105.0 MPH), Distance : 422 ft
|
|
Batting: RHB Gary Preston
|
0-0: Called Strike 0-1: Fly out, F8 (Flyball, 8RS, EV 81.2 MPH)
|
|
Batting: RHB Josh Benefield
|
0-0: Ball 1-0: Ball 2-0: Foul Ball, location: 2F 2-1: Foul Ball, location: 2F 2-2: Ball 3-2: Ground out U3 (Groundball, 34, EV 81.9 MPH)
|
| Bottom of the 4th over - 1 run, 1 hit, 0 errors, 0 left on base; University of Toronto 3 - Stanford University 1 |
| TOP OF THE 5TH |
|
University of Toronto Marlies batting - Pitching for Stanford University Cardinal : LHP Chris Hoebing
|
|
Batting: LHB Efrem Isaev
|
0-0: Ground out 6-3 (Groundball, 4MS, EV 86.9 MPH)
|
|
Batting: RHB Logan Johnson
|
0-0: Foul Ball, location: 2F 0-1: Called Strike 0-2: Ball 1-2: Foul Ball, location: 2F 1-2: Foul Ball, location: 2F 1-2: Foul Ball, location: 2F 1-2: Foul Ball, location: 2F 1-2: Strikes out looking
|
|
Batting: SHB Jack Tierney
|
0-0: Called Strike 0-1: Ball 1-1: Ball 2-1: Foul Ball, location: 2F 2-2: Foul Ball, location: 2F 2-2: Ground out 5-3 (Groundball, 56S, EV 82.5 MPH)
|
| Top of the 5th over - 0 runs, 0 hits, 0 errors, 0 left on base; University of Toronto 3 - Stanford University 1 |
| BOTTOM OF THE 5TH |
|
Stanford University Cardinal batting - Pitching for University of Toronto Marlies : RHP Matt Lane
|
|
Batting: LHB Caleb Hartwell
|
0-0: Fly out, F8 (Line Drive, 8LS, EV 95.0 MPH)
|
|
Batting: RHB Dzevat Koljevic
|
0-0: Ball 1-0: Ball 2-0: Ball 3-0: Base on Balls
|
|
Batting: RHB Ted Hickey
|
0-0: Foul Ball, location: 2F 0-1: Swinging Strike 0-2: Ball 1-2: Ball 2-2: Foul Ball, location: 2F 2-2: Ball 3-2: Strikes out swinging
|
|
Batting: RHB Joe Gabriel
|
0-0: Ball 1-0: Fly out, F8 (Flyball, 78M, EV 90.0 MPH)
|
| Bottom of the 5th over - 0 runs, 0 hits, 0 errors, 1 left on base; University of Toronto 3 - Stanford University 1 |
| TOP OF THE 6TH |
|
University of Toronto Marlies batting - Pitching for Stanford University Cardinal : LHP Chris Hoebing
|
|
Pitching: LHP Larry Steen
|
|
|
Batting: RHB Akichika Yamano
|
0-0: Ground out 6-3 (Groundball, 6S, EV 86.9 MPH)
|
|
Batting: SHB Shannon Britten
|
0-0: Called Strike 0-1: Called Strike 0-2: Ball 1-2: Strikes out swinging
|
|
Batting: RHB Elmar Adenauer
|
0-0: Ball 1-0: Ball 2-0: Foul Ball, location: 2F 2-1: Ball 3-1: Base on Balls
|
|
Batting: RHB Jeff McClellan
|
0-0: Ball 1-0: Called Strike 1-1: Ground out 1-3 (Groundball, 13S, EV 63.8 MPH)
|
| Top of the 6th over - 0 runs, 0 hits, 0 errors, 1 left on base; University of Toronto 3 - Stanford University 1 |
| BOTTOM OF THE 6TH |
|
Stanford University Cardinal batting - Pitching for University of Toronto Marlies : RHP Matt Lane
|
|
Batting: LHB Bryan Davidson
|
0-0: Ball 1-0: Ball 2-0: Ground out 3-1 (Groundball, 34, EV 87.5 MPH)
|
|
Batting: LHB Donny Kleinjan
|
0-0: Called Strike 0-1: Ball 1-1: Ball 2-1: Ball 3-1: Called Strike 3-2: Foul Ball, location: 2F 3-2: Base on Balls
|
|
Pitching: LHP Nick Holt
|
|
|
Batting: RHB Joe Petley
|
0-0: Ball 1-0: 2-RUN HOME RUN (Flyball, 7D, EV 100.6 MPH), Distance : 376 ft
|
|
Batting: RHB Gary Preston
|
0-0: Called Strike 0-1: Foul Ball, location: 2F 0-2: Foul Ball, location: 2F 0-2: Fly out, F8 (Line Drive, 8LD, EV 93.1 MPH)
|
|
Batting: RHB Josh Benefield
|
0-0: Foul Ball, location: 2F 0-1: Foul Ball, location: 2F 0-2: DOUBLE (Line Drive, 89D, EV 106.2 MPH)
|
|
Batting: LHB Caleb Hartwell
|
0-0: SINGLE (Line Drive, 34D, EV 104.4 MPH) Josh Benefield to third
|
|
Batting: RHB Dzevat Koljevic
|
0-0: Foul Ball, location: 2F 0-1: Swinging Strike 0-2: Ball 1-2: Ball 2-2: Strikes out swinging
|
| Bottom of the 6th over - 2 runs, 3 hits, 0 errors, 2 left on base; University of Toronto 3 - Stanford University 3 |
| TOP OF THE 7TH |
|
University of Toronto Marlies batting - Pitching for Stanford University Cardinal : LHP Larry Steen
|
|
Pitching: RHP Eddie Georges
|
|
|
Batting: SHB Jose Melendez
|
0-0: Called Strike 0-1: SINGLE (Line Drive, 7S, EV 105.0 MPH)
|
|
Batting: RHB Charlie Townend
|
0-0: Ball 1-0: Ball 2-0: Ball 3-0: Base on Balls Jose Melendez to second
|
|
Pitching: LHP Carlton Hookway
|
|
|
Batting: LHB Efrem Isaev
|
0-0: Called Strike 0-1: Foul Ball, location: 2F 0-2: Ball 1-2: Ball 2-2: Foul Ball, location: 2F 2-2: SINGLE (Line Drive, 7LS, EV 110.6 MPH) Jose Melendez to third Charlie Townend to second
|
|
Pitching: RHP Andy Swan
|
|
|
Batting: RHB Logan Johnson
|
0-0: Ball 1-0: Foul Ball, location: 2F 1-1: SINGLE (Line Drive, 7LM, EV 110.0 MPH) Jose Melendez scores Charlie Townend to third Efrem Isaev to second
|
|
Batting: SHB Jack Tierney
|
0-0: Called Strike 0-1: Ball 1-1: Foul Ball, location: 2F 1-2: Ball Passed Ball! Charlie Townend scores Efrem Isaev to third Logan Johnson to second 2-2: Ball 3-2: Intentional Walk
|
|
Batting: RHB Akichika Yamano
|
0-0: Called Strike 0-1: Called Strike 0-2: Ball 1-2: DOUBLE (Line Drive, 3D, EV 100.6 MPH) Efrem Isaev scores Logan Johnson scores Jack Tierney to third Runner from 3rd tries for Home, SAFE, no throw by RF
|
|
Pinch Runner at 2nd Luke Stannard:
|
|
|
Batting: SHB Shannon Britten
|
0-0: Foul Ball, location: 2F 0-1: Ground out 5-3 (Groundball, 56, EV 83.8 MPH)
|
|
Batting: RHB Elmar Adenauer
|
0-0: Called Strike 0-1: Called Strike 0-2: Strikes out swinging
|
|
Batting: RHB Jeff McClellan
|
0-0: Ball 1-0: Ground out 6-3 (Groundball, 6M, EV 91.2 MPH)
|
| Top of the 7th over - 5 runs, 4 hits, 0 errors, 1 left on base; University of Toronto 8 - Stanford University 3 |
| BOTTOM OF THE 7TH |
|
Stanford University Cardinal batting - Pitching for University of Toronto Marlies : LHP Nick Holt
|
|
Now in RF: Greg Robertson
|
|
|
Batting: RHB Ted Hickey
|
0-0: Foul Ball, location: 2F 0-1: Foul Ball, location: 2F 0-2: Ball 1-2: DOUBLE (Line Drive, 89D, EV 107.5 MPH)
|
|
Batting: RHB Joe Gabriel
|
0-0: Ball 1-0: Called Strike 1-1: Ball 2-1: Ball 3-1: Base on Balls
|
|
Pitching: RHP Brad Cannell
|
|
|
Batting: LHB Bryan Davidson
|
0-0: Ball 1-0: Fly out, F7 (Flyball, 78D, EV 90.6 MPH)
|
|
Batting: LHB Donny Kleinjan
|
0-0: Foul Ball, location: 2F 0-1: SINGLE (Groundball, 34D, EV 102.5 MPH) Ted Hickey to third Joe Gabriel to second Runner from 3rd tries for Home, SAFE, throw by RF to home
|
|
Batting: RHB Joe Petley
|
0-0: Ball 1-0: Ball 2-0: Ball 3-0: Base on Balls Joe Gabriel to third Donny Kleinjan to second
|
|
Batting: RHB Gary Preston
|
0-0: Ball 1-0: Ball 2-0: Called Strike 2-1: Ball 3-1: Base on Balls Joe Gabriel scores Donny Kleinjan to third Joe Petley to second
|
|
Pinch Hitting: RHB John Van der Linden
|
0-0: Ball 1-0: Fly out, F8 (Flyball, 78M, EV 84.4 MPH) Runner from 3rd tags up, SCORES, throw by CF
|
|
Batting: LHB Caleb Hartwell
|
0-0: Called Strike 0-1: Called Strike 0-2: Strikes out swinging
|
| Bottom of the 7th over - 3 runs, 2 hits, 0 errors, 2 left on base; University of Toronto 8 - Stanford University 6 |
| TOP OF THE 8TH |
|
University of Toronto Marlies batting - Pitching for Stanford University Cardinal : RHP Andy Swan
|
|
Pitching: LHP Marco Mendez
|
|
|
Now in LF: Mike Keating
|
|
|
Now in RF: Bryan Davidson
|
|
|
Batting: SHB Jose Melendez
|
0-0: SINGLE (Groundball, 6S, EV 64.4 MPH) (infield hit)
|
|
Batting: RHB Charlie Townend
|
0-0: Called Strike 0-1: Ball 1-1: Foul Ball, location: 2F 1-2: Foul Ball, location: 2F 1-2: Foul Ball, location: 2F 1-2: Foul Ball, location: 2F 1-2: Ball 2-2: Foul Ball, location: 2F 2-2: Reached on error, E5 (Groundball, 5, EV 81.9 MPH) Jose Melendez to second
|
|
Batting: LHB Efrem Isaev
|
0-0: Called Strike 0-1: Foul Ball, location: 2F 0-2: Ball 1-2: Ball 2-2: Foul Ball, location: 2F 2-2: Grounds into double play, 5-4-3 (Groundball, 56, EV 85.6 MPH) Jose Melendez to third
|
|
Batting: RHB Logan Johnson
|
0-0: Intentional Walk
|
|
Batting: SHB Jack Tierney
|
Pickoff Throw to First - Out! 1-3
|
| Top of the 8th over - 0 runs, 1 hit, 1 error, 1 left on base; University of Toronto 8 - Stanford University 6 |
| BOTTOM OF THE 8TH |
|
Stanford University Cardinal batting - Pitching for University of Toronto Marlies : RHP Brad Cannell
|
|
Pitching: RHP Mike McDonald
|
|
|
Batting: RHB Dzevat Koljevic
|
0-0: Ball 1-0: Called Strike 1-1: Swinging Strike 1-2: Foul Ball, location: 2F 1-2: Strikes out swinging
|
|
Batting: RHB Ted Hickey
|
0-0: Foul Ball, location: 2F 0-1: Fly out, F8 (Flyball, 8LD, EV 83.8 MPH)
|
|
Batting: RHB Joe Gabriel
|
0-0: SINGLE (Line Drive, 4MD, EV 102.5 MPH)
|
|
Batting: LHB Bryan Davidson
|
0-0: Called Strike 0-1: Called Strike 0-2: Strikes out swinging
|
| Bottom of the 8th over - 0 runs, 1 hit, 0 errors, 1 left on base; University of Toronto 8 - Stanford University 6 |
| TOP OF THE 9TH |
|
University of Toronto Marlies batting - Pitching for Stanford University Cardinal : LHP Marco Mendez
|
|
Pitching: RHP John Hollinger
|
|
|
Batting: SHB Jack Tierney
|
0-0: Swinging Strike 0-1: Foul Ball, location: 2F 0-2: Strikes out swinging
|
|
Batting: LHB Greg Robertson
|
0-0: Called Strike 0-1: Ground out 4-3 (Groundball, 4, EV 86.2 MPH)
|
|
Batting: SHB Shannon Britten
|
0-0: Ball 1-0: Ball 2-0: Ball 3-0: Called Strike 3-1: Ground out 6-3 (Groundball, 6MD, EV 80.0 MPH)
|
| Top of the 9th over - 0 runs, 0 hits, 0 errors, 0 left on base; University of Toronto 8 - Stanford University 6 |
| BOTTOM OF THE 9TH |
|
Stanford University Cardinal batting - Pitching for University of Toronto Marlies : RHP Mike McDonald
|
|
Batting: LHB Donny Kleinjan
|
0-0: Called Strike 0-1: Foul Ball, location: 2F 0-2: Ball 1-2: Ball 2-2: Foul Ball, location: 2F 2-2: Foul Ball, location: 2F 2-2: Foul Ball, location: 2F 2-2: SOLO HOME RUN (Flyball, 9D, EV 96.9 MPH), Distance : 369 ft
|
|
Batting: RHB Joe Petley
|
0-0: Ball 1-0: Ball 2-0: Ball 3-0: Base on Balls
|
|
Batting: RHB Gary Preston
|
0-0: Ball Wild Pitch! Joe Petley to second 1-0: Ground out 6-3 (Groundball, 6, EV 87.5 MPH)
|
|
Batting: LHB Mike Keating
|
0-0: Called Strike 0-1: Foul Ball, location: 2F 0-2: 2-RUN HOME RUN (Flyball, 89XD, EV 106.9 MPH), Distance : 413 ft
|
| Bottom of the 9th over - 3 runs, 2 hits, 0 errors, 0 left on base; University of Toronto 8 - Stanford University 9 |
|